Cogmind - Beta 15 @@@ ROGUE MODE // 2025.07.25 @ 02:45:30 Player: Florist Result: Destroyed by YI-UF0 with YI-UF0's Doublenader Performance ------------- Evolutions (0) 0 Regions Visited (2) 400 Robots Destroyed (22) 110 Value Destroyed (319) 319 Prototype IDs (0) 0 Alien Tech Used (0) 0 Bonus (0) 0 TOTAL SCORE: 829 Bonus ------- None Cogmind --------- Core Integrity 0/250 Matter 273/300 Energy 82/100 System Corruption 0% Temperature Cool (0) Movement Core (750) Ox14 Location -10/Mines Parts ------- > --- POWER (1) -------- (None) > --- PROPULSION (2) --- (None) > --- UTILITY (2) ------ High-capacity Storage Unit Seismic Detector > --- WEAPON (2) ------- Improved Light Cannon > --- INVENTORY (20) --- Ion Engine Light Treads Light Treads Compact Wheel Improved Hover Unit Improved Hover Unit Improved Hover Unit Improved Hover Unit Small Storage Unit Large Storage Unit High-capacity Matter Pod (200) Seismic Detector Light Assault Rifle Light Cannon Improved Light Cannon Grenade Launcher Peak State ------------ > --- POWER ------------ Improved Ion Engine > --- PROPULSION ------- Light Treads Light Treads > --- UTILITY ---------- High-capacity Storage Unit Seismic Detector > --- WEAPON ----------- Improved Light Cannon Improved Light Cannon > --- INVENTORY -------- Ion Engine Light Treads Compact Wheel Improved Hover Unit Improved Hover Unit Improved Hover Unit Improved Hover Unit Small Storage Unit Large Storage Unit Seismic Detector Light Assault Rifle Light Cannon Improved Light Cannon Improved Light Cannon [Rating: 12] Favorites ----------- Power Improved Ion Engine Engine Improved Ion Engine Propulsion Light Treads Treads Light Treads Hover Unit Improved Hover Unit Utility Seismic Detector Device Seismic Detector Storage High-capacity Storage Unit Weapon Improved Light Cannon Energy Gun EM Pulse Gun Ballistic Cannon Improved Light Cannon Build | -11 -10 -10 ------- Run | Yrd Mat Min Slots Evolved . | . . . Power . | . . . Propulsion . | . . . Utility . | . . . Weapon . | . . . Parts Attached 18 | 7 8 3 Power 2 | 1 1 . Engine 2 | 1 1 . Core . | . . . Reactor . | . . . Propulsion 4 | 2 2 . Treads 2 | 2 . . Leg . | . . . Wheel . | . . . Hover 2 | . 2 . Flight . | . . . Utility 5 | 2 3 . Device 2 | 1 1 . Storage 3 | 1 2 . Processor . | . . . Hackware . | . . . Protection . | . . . Artifact . | . . . Weapon 7 | 2 2 3 Energy Gun 4 | 2 . 2 Energy Cannon . | . . . Ballistic Gun . | . . . Ballistic Cannon 3 | . 2 1 Launcher . | . . . Special Weapon . | . . . Impact Weapon . | . . . Slashing Weapon . | . . . Piercing Weapon . | . . . Special Melee Weapon . | . . . Unidentified Prototypes . | . . . Parts Lost 7 | . . 7 Power 1 | . . 1 Propulsion 2 | . . 2 Utility . | . . . Weapon 4 | . . 4 Highest Loss Streak 7 | . . 7 To Critical Strikes . | . . . Average Backups 13 | 2 13 18 Power . | . 1 1 Propulsion 5 | 1 5 7 Utility 3 | . 3 4 Weapon 3 | . 3 6 Tool/Special . | . . . Unused Backups 17 | . 4 13 Power 1 | . . 1 Propulsion 6 | . 1 5 Utility 6 | . 3 3 Weapon 4 | . . 4 Tool/Special . | . . . Average Slot Usage (%) 99 | . 99 97 Engine 13 | . 14 13 Treads 27 | . 27 26 Device 13 | . 13 14 Storage 14 | . 14 14 Ballistic Cannon 26 | . 26 26 Peak Build Rating 12 | 7 12 12 Average Rating 11 | 5 11 11 On Entrance 6 | . 7 12 Naked Turns . | . . . Heaviest Build 56 | 15 56 56 Greatest Support 40 | 40 40 40 Greatest Overweight (x) 1 | . 1 1 Average Overweight (x) . | . . 1 Largest Inventory Capacity 20 | 8 20 20 Average Capacity 17 | 7 18 20 Most Carried 20 | 5 20 19 Average Carried 13 | 2 13 18 Final Capacity 20 | 8 20 20 Final Carried 19 | 5 19 16 Class Distribution -------------------- 100% | Mutant Dominant Class ---------------- Mutant | -10/Materials Mutant | -10/Mines Resources | -11 -10 -10 ----------- Run | Yrd Mat Min Matter Collected 1128 | 194 934 . Remotely . | . . . Salvage Created 529 | 30 499 . Parts 43 | 9 34 . Haulers Intercepted 2 | . 2 . Recyclers Shooed . | . . . Parts Field Recycled . | . . . Retrieved Matter . | . . . Parts Self-Destructed . | . . . Prevented . | . . . Kills | -11 -10 -10 ------- Run | Yrd Mat Min Combat Hostiles Destroyed 11 | . 11 . Cannons 11 | . 11 . Classes Destroyed 8 | 1 7 . Worker 2 | . 2 . Tunneler 2 | 2 . . Hauler 2 | . 2 . Recycler 4 | . 4 . Operator 1 | . 1 . Swarmer 6 | . 6 . Grunt 4 | . 4 . Subdweller 1 | . 1 . Best Kill Streak 4 | 1 4 . Combat Bots Only 3 | . 3 . Max Kills in Single Turn 1 | 1 1 . Gunslinging . | . . . Exploded . | . . . Melee . | . . . Uniques/NPCs Destroyed . | . . . Combat | -11 -10 -10 -------- Run | Yrd Mat Min Hostile Shots Fired 76 | . 58 18 Missed 19 | . 16 3 Hits 57 | . 42 15 Projectile 57 | . 42 15 AOE 16 | . . 16 Damage Taken 891 | . 389 502 Core 257 | . 90 167 Absorbed by Shields . | . . . Core Remaining (%) 100 | 100 . . Volleys Fired 61 | 2 51 8 Largest 2 | 2 2 2 Hottest 90 | 90 66 80 Shots Fired 119 | 4 102 13 Gun 9 | 4 . 5 Cannon 110 | . 102 8 Launcher . | . . . Special . | . . . Kinetic 110 | . 102 8 Thermal 2 | 2 . . Explosive . | . . . Electromagnetic 7 | 2 . 5 Robot Hit Streak 11 | 1 8 11 Robot Miss Streak 4 | 1 4 2 Penetration Max . | . . . Secondary Targets . | . . . Shots Hit Robots 74 | 2 62 10 Core Hits 25 | 2 22 1 Critical Kills . | . . . Critical Parts Destroyed . | . . . Critical Strikes 1 | . 1 . Blast 1 | . 1 . Melee Attacks . | . . . Impact . | . . . Slashing . | . . . Piercing . | . . . Sneak Attacks . | . . . Combat Hostiles . | . . . Follow-up Attacks . | . . . Damage Inflicted 1630 | 27 1417 186 Guns 59 | 27 . 32 Cannons 1571 | . 1417 154 Explosions . | . . . Melee . | . . . Ramming . | . . . Kinetic 1571 | . 1417 154 Thermal 12 | 12 . . Explosive . | . . . Electromagnetic 47 | 15 . 32 Impact . | . . . Slashing . | . . . Piercing . | . . . Highest Corruption . | . . . Average Corruption . | . . . Corruption Purged . | . . . Corruption Blocked . | . . . Overload Shots . | . . . Overflow Damage 55 | . 41 14 Projectiles 55 | . 41 14 Explosions . | . . . Melee . | . . . Knockbacks 12 | . 11 1 Impact . | . . . Kinetic 11 | . 10 1 Secondary 1 | . 1 . Self-Inflicted Damage . | . . . Shots . | . . . Rammed . | . . . Targets Rammed . | . . . Kicked . | . . . Crushed . | . . . Highest Temperature 72 | 30 72 27 Average Temperature 18 | 14 18 16 Received Heat Transfer 36 | . 36 . Siege Activations . | . . . Martial Activations . | . . . Shielding Activations . | . . . Robots Disrupted . | . . . Combat Hostiles . | . . . Robots Corrupted . | . . . Combat Hostiles . | . . . Parts Fried . | . . . Impact Corruptions 1 | . 1 . Robots Melted . | . . . Combat Hostiles . | . . . Parts Melted . | . . . Heat Transferred 37 | 37 . . Parts Sabotaged . | . . . Parts Stolen . | . . . Parts Stripped . | . . . Power Chain Reactions . | . . . Alert | -11 -10 -10 ------- Run | Yrd Mat Min Maximum Alert Level . | . . . Low Security (%) 100 | 100 100 100 Level 1 . | . . . Level 2 . | . . . Level 3 . | . . . Level 4 . | . . . Level 5 . | . . . High Security . | . . . Max Security . | . . . Peak Influence 74 | 5 74 . Initial . | . . . Average 12 | 1 15 . Influence Increases 342 | 10 332 . Destroy 0b10 Robot/C 200 | . 200 . Destroy 0b10 Robot/NC 55 | 10 45 . Destroy Leader 54 | . 54 . Successful Hack 10 | . 10 . Disable Machine 15 | . 15 . Destroy Structure 8 | . 8 . Influence Decreases 342 | 10 332 . Time Decay 342 | 10 332 . Squads Dispatched 2 | . 2 . Investigation 1 | . 1 . Extermination . | . . . Reinforcement 1 | . 1 . Assault . | . . . Garrison . | . . . Intercept . | . . . Searches Triggered . | . . . Construction Impeded . | . . . Haulers Reinforced . | . . . Active Scanning Responses . | . . . Cargo Convoy Interrupts . | . . . Stealth | -11 -10 -10 --------- Run | Yrd Mat Min Distress Signals . | . . . Communications Jammed . | . . . Distress Signals . | . . . Times Spotted 15 | . 14 1 Peak Tracking Total 3 | . 3 1 Tactical Retreats . | . . . Traps | -11 -10 -10 ------- Run | Yrd Mat Min Traps Triggered 3 | . 3 . Indirectly . | . . . Trap Hack Attempts . | . . . Triggered . | . . . Disarmed . | . . . Reprogrammed . | . . . Reused . | . . . Traps Extracted . | . . . Installed . | . . . Triggered . | . . . Machines | -11 -10 -10 ---------- Run | Yrd Mat Min Machines Disabled 1 | . 1 . Max in Single Turn 1 | . 1 . Machines Repaired . | . . . Machines Dismantled . | . . . Machines Sabotaged . | . . . Overloaded Fab Kills . | . . . Hacking | -11 -10 -10 --------- Run | Yrd Mat Min Machines Accessed 7 | . 7 . Terminals 7 | . 7 . Fabricators . | . . . Repair Stations . | . . . Recycling Units . | . . . Scanalyzers . | . . . Garrison Access . | . . . Total Hacks 27 | . 27 . Successful 14 | . 14 . Failed 13 | . 13 . Catastrophic 1 | . 1 . Database Lockouts . | . . . Manual 27 | . 27 . Terminals 27 | . 27 . Fabricators . | . . . Repair Stations . | . . . Recycling Units . | . . . Scanalyzers . | . . . Garrison Access . | . . . Terminal Hacks 2 | . 2 . Robot Analysis 2 | . 2 . Fabricator Hacks . | . . . Repair Station Hacks . | . . . Recycling Unit Hacks . | . . . Scanalyzer . | . . . Garrison Access Hacks . | . . . Unauthorized Hacks 12 | . 12 . Terminals 12 | . 12 . Botnet 7 | . 7 . Skim 5 | . 5 . Fabricators . | . . . Repair Stations . | . . . Recycling Units . | . . . Scanalyzers . | . . . Garrison Access . | . . . Data Cores Recovered . | . . . Used . | . . . Hacking Detections 7 | . 7 . Full Trace Events . | . . . Feedback Events . | . . . Feedback Blocked . | . . . Robot Schematics Acquired . | . . . Robots Built . | . . . Authchips . | . . . Time . | . . . Total Robot Build Rating . | . . . Part Schematics Acquired . | . . . Parts Built . | . . . Authchips . | . . . Time . | . . . Total Part Build Rating . | . . . Parts Repaired . | . . . Time . | . . . Parts Recycled . | . . . Recycled Matter . | . . . Retrieved Matter . | . . . Retrieved Components . | . . . Parts Scanalyzed . | . . . Part Schematics Acquired . | . . . Parts Damaged . | . . . Bothacking | -11 -10 -10 ------------ Run | Yrd Mat Min Used RIF Installer . | . . . Robots Hacked . | . . . Non-combat . | . . . Combat . | . . . Robot Hacks Applied . | . . . Relay Couplers Released . | . . . Fabnet Peak Effective % . | . . . Robots Rewired . | . . . Allies Hacked . | . . . Hacks Repelled . | . . . Allies | -11 -10 -10 -------- Run | Yrd Mat Min Total Allies . | . . . Largest Group . | . . . Highest-Rated Group . | . . . Highest-Rated Ally . | . . . Total Orders . | . . . Ally Attacks . | . . . Total Damage . | . . . Kills . | . . . Allies Corrupted . | . . . Allies Melted . | . . . Intel | -11 -10 -10 ------- Run | Yrd Mat Min Active Infowar (turns) 2587 | 102 2084 401 Seismic 2587 | 102 2084 401 Robot Analysis Total 2 | . 2 . Derelict Logs Recovered . | . . . Drone Launches . | . . . Drone Recoveries . | . . . Exploration | -11 -10 -10 ------------- Run | Yrd Mat Min Turns Passed 2691 | 132 2158 401 Spaces Moved 1116 | 74 886 156 Core 6 | 6 . . Treads 1110 | 68 886 156 Legs . | . . . Wheels . | . . . Hover . | . . . Flight . | . . . Fastest Speed 50 | 50 160 240 Average Speed 212 | 151 213 240 Slowest Speed 240 | 160 240 240 Overloaded Moves . | . . . Propulsion Burnouts . | . . . Robots Hopped . | . . . Potential Cave-ins . | . . . Cave-ins Triggered . | . . . Exploration Rate (%) 47 | 4 98 40 Regions Visited 2 Branch Regions 1 Pre-discovered Areas . | . . . Known Exits Taken . | . . . Unknown Exits Taken 2 | 1 1 . Scrap Searched . | . . . Spaces Dug . | . . . Terrain Destroyed 7 | . 7 . Melee . | . . . Projectile 7 | . 7 . AOE . | . . . Terrain Rammed . | . . . Walls Destroyed . | . . . Machines Disabled . | . . . Actions | -11 -10 -10 --------- Run | Yrd Mat Min Total 1309 | 87 1053 169 Wait 76 | . 74 2 Move 1114 | 73 885 156 Hop . | . . . Pick Up 24 | 5 19 . Fast Attach 14 | 7 7 . Attach 4 | . 1 3 Detach . | . . . Swap 7 | . 7 . Drop 9 | . 9 . Fire 61 | 2 51 8 Melee . | . . . Ram . | . . . Kick . | . . . Crush . | . . . Escape Stasis . | . . . Rewire . | . . . Trap . | . . . Miscellaneous . | . . . Route ------- -11/Scrapyard -10/Materials (discovered 6 exits: *Mat x3 / [*Min x2] / Sub) -10/Mines (discovered 3 exits: *Mat x2 / Sub) History --------- Turn | Location | Event 3 | -11/Scrapyard | Discovered new exit (range 16) 133 | -11/Scrapyard | Entered Materials 301 | -10/Materials | Build established: Mutant 507 | -10/Materials | Discovered new exit (range 14) 819 | -10/Materials | Discovered new exit (range 9) 1008 | -10/Materials | Discovered new exit (range 13) 1316 | -10/Materials | Identified exit to Materials 1333 | -10/Materials | Derelicts attacked the area 1378 | -10/Materials | Discovered new exit (range 12) 1385 | -10/Materials | Learned Storage trap positions 1446 | -10/Materials | Identified exit to Subcaves 1495 | -10/Materials | Learned 4 Recycling zone layouts 1532 | -10/Materials | Learned location of 2 exits from Materials 1594 | -10/Materials | Learned 4 Recycling zone layouts 1674 | -10/Materials | Learned location of 2 exits from Mines 2291 | -10/Materials | Entered Mines 2353 | -10/Mines | Discovered exit to Materials (range 8) 2679 | -10/Mines | Core integrity fell below 50% 2683 | -10/Mines | Core integrity fell below 20% 2692 | -10/Mines | Destroyed by YI-UF0 with YI-UF0's Doublenader Last Messages --------------- 02672_ The unstable cave ceiling collapses. 02674_ Imp. Light Cannon destroyed. 02674_ Lgt. Treads destroyed. 02674_ U-05 Engineer destroyed. 02674_ K-01 Serf collects debris. 02676_ R-06 Scavenger destroyed. 02676_ K-01 Serf destroyed. 02677_ K-01 Serf collects debris. 02678_ Imp. Light Cannon destroyed. 02678_ Lgt. Treads destroyed. 02680_ K-01 Serf collects debris. 02681_ The unstable cave ceiling collapses. 02684_ EM Pulse Gun destroyed. 02684_ Imp. Ion Engine destroyed. 02684_ K-01 Serf collects debris. 02685_ YI-UF0 mumbles something. 02686_ R-06 Scavenger collects Wheel. 02687_ EM Pulse Gun destroyed. 02690_ K-01 Serf collects debris. 02690_ YI-UF0 knocked back. Map ----- +----------------------------------------------------+ | ???## #???????????????????????>?????????????? | | ???# #?????????????????????????????????????? | | ???# #### #####?????????????????????????????????? | | ???# ### #?????????????????????????????????? | | ??## ###### #????#####????????????????????????? | | ?## ##??# #???## ##???????????????????????? | | ## #??# ##### #???????????????????????? | | #??# #???????????????????????? | | ### ## < ##???????????????????????? | | ##?? #### ###????????????????????????? | | # ##??? #?# ##???####???????????????????? | | ## #??## ### %##???## ##??????????????????? | | ## ##?# ### #??### #??????????????????? | | # ## #?## ##?????????????????? | | ##%### ##????????????????? | | """ #### ##%## #????????????????? | | """ ##??## #????????????????? | | """ ##???# #?????????????????? | | """ #### ###u ## ##?????????????????? | | ### #####??????????????????? | | ### ## ###????????????????????? | | #??#### ## k ##???????????????????? | | ??????# ### ### ##??????????????????? | | ???#### ##?###?## r #### #?????????????? | | ??## ##??????# ### ?????????? | | ?## ##????????# @ ????????? | | ?# ###????????# | = % ????????? | | ## ##??????????## %g! ????????? | | # ##????????????## ?????????? | | ##???###??????# ## ?????????? | | #### ##????# ###### % ??????????? | | ## #????# #??????# # ??????????? | | #????## #????????#?? ??????????? | | ##?????## #??????????????????????? | | ##???????# #??????????????????????? | | #???????? #??????????????????????? | | #???????? #??????????????????????? | | ### ##?????? ##??????????????????????? | | ?## ### #?????? ????????????????????????? | | ## #?## #?????# ????????????????????????? | | # #??####????? ????????????????????????? | | #????????????? ????????????????????????? | | #??????????????? ????????????????????????? | | # ##?????????????????????????????????????????? | | ## ##??????????????????????????????????????????? | | ?## #???????????????????????????????????????????? | | ??# #???????????????????????????????????????????? | | ### #???????????????????????????????????????????? | | #???????????????????????????????????????????? | | #####???????????????????????????????????????????? | +----------------------------------------------------+ Best States ------------- Heat Dissipation 25 Energy Generation 12 Energy Capacity 265 Matter Stores 300 Matter Capacity 300 Sight Range 16 Terrain Scan Density 10 Evasion (%) 40 Recoil Reduction 2 Item Schematics ----------------- None Robot Schematics ------------------ None Fabricated ------------ Nothing Repaired ---------- Nothing Alien Tech Used ----------------- None Achievements -------------- None Challenges ------------ None Game ------ Seed ChromaticImpactLink Manual? 0 Play Time 00:09:50 Cumulative 207.9 hours Start 2025.07.25 @ 02:36:24 End 2025.07.25 @ 02:45:30 Sessions 1 Manual Loads 0 Difficulty Rogue Special Mode None Game No. 183 Rogue 183 Adventurer 0 Explorer 0 Win Type - Total 11 Types 5/0/4/2/0/0/0/0/0/0 Lore% 76 Gallery% 71 Achievement% 67 Wizard Run 0 Options --------- Layout 1 ASCII 0 Keyboard 0 Movement Numpad Keybinds 0 Fullscreen 1 Font 32/SmallcapsGlow Map View 77x35 Zoom Use 0% Tactical HUD 1 Map Filters NONE Filters NONE Steam 1 RUN: f25c85ae-eaea-4fc1-9059-6ba64f9e1b40